 Dungeon Crawl Stone Soup version 0.32-a0-913-g739538afd8 (webtiles) character file.

Game seed: 14273054807118475479

8857 Biggs the Skirmisher (level 11, -3/79 HPs)
             Began as a Coglin Hunter on Apr 7, 2024.
             Was a High Priest of Okawaru.
             Killed by divine providence
             ... invoked by a meliai
              (14 damage)
             ... on level 9 of the Dungeon.
             The game lasted 00:20:19 (9378 turns).

Biggs the Skirmisher (Coglin Hunter)                Turns: 9378, Time: 00:20:20

Health: -3/79      AC:  7    Str: 11    XL:     11   Next: 37%
Magic:  11/11      EV: 17    Int:  8    God:    Okawaru [*****.]
Gold:   320        SH:  0    Dex: 23    Spells: 10/10 levels left

rFire   . . .        a - +3 sling {Chinhae}
rCold   . . .        d - +0 sling {Quintus}
rNeg    . . .        c - +0 leather armour
rPois   .            (no helmet)
rElec   .            p - +0 cloak
rCorr   .            y - +0 pair of gloves
SInv    .            t - +1 pair of boots
Will    .....        (amulet unavailable)
Stlth   ++           (ring unavailable)
HPRegen 0.33/turn    (ring unavailable)
MPRegen 0.12/turn    (no gizmo)

%: no passive effects
@: lethally poisoned (-3 -> -6), revved
A: off-hand wielding, slow wielding, warmup strikes, no jewellery
a: Invent Gizmo, Renounce Religion, Heroism, Finesse, Duel


You were on level 9 of the Dungeon.
You worshipped Okawaru.
Okawaru was extremely pleased with you.
You visited 2 branches of the dungeon, and saw 10 of its levels.

You collected 447 gold pieces.
You spent 127 gold pieces at shops.

Inventory:

Hand Weapons
 a - a +3 sling (weapon) {Chinhae}
 d - a +0 sling (offhand) {Quintus}
Missiles
 m - a throwing net
Armour
 c - a +0 leather armour (worn)
 p - a +0 cloak (worn)
 t - a +1 pair of boots (worn)
 y - a +0 pair of gloves (worn)
Wands
 h - a wand of polymorph (10)
 s - a wand of charming (30)
 w - a wand of light (1)
 D - a wand of warping (8)
 G - a wand of flame (20)
Scrolls
 l - 3 scrolls of amnesia
 r - 2 scrolls of silence
 u - 3 scrolls of vulnerability {unknown}
 v - 3 scrolls of acquirement {unknown}
 x - a scroll of revelation {unknown}
 A - a scroll of enchant armour {unknown}
 B - 2 scrolls of immolation {unknown}
 C - 3 scrolls of fog {unknown}
 E - a scroll of summoning {unknown}
Potions
 b - 2 potions of invisibility {unknown}
 e - 3 potions of lignification {unknown}
 f - 2 potions of cancellation {unknown}
 g - 3 potions of attraction {unknown}
 i - 2 potions of haste {unknown}
 j - 4 potions of curing
 k - 2 potions of heal wounds {unknown}
 n - 2 potions of resistance {unknown}
 o - a potion of berserk rage {unknown}
 q - a potion of ambrosia {unknown}
 F - 2 potions of might {unknown}


   Skills:
 - Level 5.0 Fighting
 + Level 13.1 Ranged Weapons
 - Level 9.1 Dodging
 - Level 0.7 Stealth


You had 10 spell levels left.
You didn't know any spells.
Your spell library contained the following spells:

 Spells                   Type           Power      Damage    Failure   Level
 Sandblast                Erth           0%         2d4       50%         1
 Fugue of the Fallen      Necr           0%         N/A       86%         3
 Ozocubu's Armour         Ice            0%         N/A       86%         3
 Stone Arrow              Conj/Erth      0%         3d7       86%         3
 Teleport Other           Tloc           0%         N/A       86%         3
 Brom's Barrelling Bould  Conj/Erth      0%         2d3       99%         4
 Olgreb's Toxic Radiance  Alch           0%         N/A       99%         4
 Dispersal                Tloc           0%         N/A       100%        6
 Gell's Gavotte           Tloc           0%         2d(11-16) 100%        6
 Manifold Assault         Tloc           0%         N/A       100%        7
 Ozocubu's Refrigeration  Ice            0%         4d7       100%        7
 Discord                  Hex            0%         N/A       100%        8


Dungeon Overview and Level Annotations

Branches:
Dungeon (9/15)             Temple (1/1) D:4            Lair (0/5) D:9
    Orc: D:9-12

Altars:
Ashenzari
Cheibriados
Dithmenos
Elyvilon
Fedhas
Gozag
Hepliaklqana
Kikubaaqudgha
Makhleb
Nemelex Xobeh
Okawaru
Qazlal
Ru
Trog
Uskayaw
Vehumet
Wu Jian
Xom
Yredelemnul
Zin
The Shining One

Shops:
D:3 [*:!(   D:4 **


Innate Abilities, Weirdness & Mutations

You can wield a second weapon in your off-hand.
It takes a long time for you to wield or remove held weapons.
Your first few attacks do less damage.
You cannot equip rings or amulets.


Message History

You shoot a sling bullet.
The sling bullet closely misses the meliai.
You shoot a sling bullet. The sling bullet hits the meliai.
The meliai is lightly wounded.
You feel sick.
Fire: a) +3 sling {Chinhae}
Press: ? - help, Q - select action, (/) - cycle Shift-Dir - straight line, f/p - meliai
Aim: a meliai, wielding a +0 war axe, wearing a +0 leather armour and wearing a +4 ring of slaying (lightly wounded, blind, unable to see you, 61% to hit)
You shoot a sling bullet. The sling bullet hits the meliai!
The meliai is heavily wounded.
You shoot a sling bullet.
The sling bullet closely misses the meliai.
You feel sick.
Fire: a) +3 sling {Chinhae}
Press: ? - help, Q - select action, (/) - cycle Shift-Dir - straight line, f/p - meliai
Aim: a meliai, wielding a +0 war axe, wearing a +0 leather armour and wearing a +4 ring of slaying (heavily wounded, blind, unable to see you, 61% to hit)
You shoot a sling bullet.
The sling bullet barely misses the meliai.
You shoot a sling bullet.
The sling bullet barely misses the meliai.
You feel sick.
Fire: a) +3 sling {Chinhae}
Press: ? - help, Q - select action, (/) - cycle Shift-Dir - straight line, f/p - meliai
Aim: a meliai, wielding a +0 war axe, wearing a +0 leather armour and wearing a +4 ring of slaying (heavily wounded, blind, unable to see you, 61% to hit)
You shoot a sling bullet.
The sling bullet barely misses the meliai.
You shoot a sling bullet.
The sling bullet hits the meliai but does no damage.
The meliai is heavily wounded.
Fire: a) +3 sling {Chinhae}
Press: ? - help, Q - select action, (/) - cycle Shift-Dir - straight line, f/p - meliai
Aim: a meliai, wielding a +0 war axe, wearing a +0 leather armour and wearing a +4 ring of slaying (heavily wounded, blind, unable to see you, 61% to hit)
You shoot a sling bullet.
The sling bullet closely misses the meliai.
You shoot a sling bullet. The sling bullet hits the meliai!
The meliai is almost dead.
You feel sick.
The meliai mumbles some strange prayers to its god against you.
Something smites you!
You die...

.'. #..####### #..
#☼☼.......
#..h#####§§.......
##..g..§§§§#...#...
#.......§§§#(....
..#.....§§§#.#.###
#.#####§§......+ #
#§#.##.###. #@#........
#§#..#.#### #y#..#.# #..#..
#§#..#.######
+....#.#§§.........#
#....#.§§##........#
#....#.☼☼##........######
##......#☼##.............#
##.......#.##.#+##........#


You could see a meliai (blind, unable to see you).

Vanquished Creatures
  A two-headed ogre (D:8)
  Pikel (D:5)
  An elephant (D:9)
  Joseph (D:8)
  An unseen horror (D:6)
  A tengu conjurer (D:9)
  A troll (D:9)
  Sigmund (D:4)
  6 yaks
  A wyvern (D:6)
  A basilisk (D:9)
  5 humans (D:6)
  Eustachio (D:5)
  Grum (D:9)
  2 water moccasins
  2 black bears
  An orc warrior (D:9)
  2 sky beasts
  3 ice beasts
  3 wolves (D:9)
  3 ogres
  3 lemures
  A phantom (D:6)
  3 centaurs (D:6)
  Blork the orc (D:5)
  3 kobold brigands
  2 gnoll sergeants
  2 bullfrogs
  3 scorpions
  9 wights
  3 howler monkeys
  3 hounds
  2 bombardier beetles
  A jelly (D:6)
  5 orc priests
  Ijyb (D:5)
  A sleepcap (D:6)
  3 iguanas
  15 orc wizards
  11 adders
  8 gnolls
  3 white imps
  An ufetubus (D:6)
  A ribbon worm (D:2)
  42 orcs
  5 ball pythons
  10 endoplasms
  2 giant cockroaches
  8 goblins
  6 hobgoblins
  3 jackals (D:4)
  2 quokkas
  A bat (D:2)
  3 frilled lizards
  22 kobolds
  6 rats
  A spectral hobgoblin (D:3)
235 creatures vanquished.

Notes
Turn   | Place    | Note
-------+----------+-------------------------------------------
     0 | D:1      | Biggs the Coglin Hunter began the quest for the Orb.
     0 | D:1      | Reached XP level 1. HP: 16/16 MP: 1/1
   420 | D:1      | You fall into a shaft and drop 1 floor!
   426 | D:2      | Reached skill level 4 in Ranged Weapons
   426 | D:2      | Reached XP level 2. HP: 22/22 MP: 2/2
   603 | D:2      | Reached XP level 3. HP: 27/27 MP: 3/3
  1006 | D:2      | Reached skill level 5 in Ranged Weapons
  1006 | D:2      | Reached XP level 4. HP: 29/33 MP: 4/4
  1259 | D:3      | Found a glowing golden altar of the Shining One.
  1259 | D:3      | Found a broken altar of Ashenzari.
  1259 | D:3      | Found a blossoming altar of Fedhas.
  1259 | D:3      | Found a basalt altar of Yredelemnul.
  1268 | D:3      | Found a shimmering altar of Xom.
  1268 | D:3      | Found a sacrificial altar of Ru.
  1269 | D:3      | Found a glowing silver altar of Zin.
  1305 | D:3      | Reached XP level 5. HP: 32/38 MP: 5/5
  1343 | D:3      | Found Medghasi's Weapon Shop.
  1536 | D:3      | Reached skill level 6 in Ranged Weapons
  1551 | D:3      | Reached XP level 6. HP: 7/44 MP: 6/6
  1988 | D:3      | Found the +5 woodcutter's axe
  2025 | D:3      | Found Vaiquw's Assorted Antiques.
  2026 | D:3      | Found Ceokk's Antique Armour Emporium.
  2033 | D:3      | Bought a scroll labelled QOISEN OTRI for 23 gold pieces
  2033 | D:3      | Bought a scroll labelled QOISEN OTRI for 23 gold pieces
  2090 | D:3      | Found a faded altar of an unknown god.
  2194 | D:3      | Found Kaidain's Book Shop.
  2488 | D:3      | Found Qerimo's Distillery.
  2493 | D:3      | Bought a potion of curing for 42 gold pieces
  2607 | D:4      | Found Ziloysom's General Store.
  2609 | D:4      | Found Tuedoaf's Specific Store.
  2618 | D:4      | Bought a scroll of teleportation for 39 gold pieces
  2625 | D:4      | Noticed Sigmund
  2637 | D:4      | Killed Sigmund
  2638 | D:4      | Reached skill level 7 in Ranged Weapons
  2638 | D:4      | Reached XP level 7. HP: 41/50 MP: 7/7
  2683 | D:4      | Reached skill level 8 in Ranged Weapons
  2954 | D:4      | Found a staircase to the Ecumenical Temple.
  2980 | Temple   | Entered the Ecumenical Temple
  2985 | Temple   | Became a worshipper of Warmaster Okawaru
  3220 | D:4      | Found a hide-covered altar of Uskayaw.
  3527 | D:5      | Entered Level 5 of the Dungeon
  3527 | D:5      | Noticed Ijyb
  3527 | D:5      | Noticed Pikel
  3784 | D:4      | Reached XP level 8. HP: 56/56 MP: 8/8
  3880 | D:5      | Reached skill level 9 in Ranged Weapons
  3904 | D:5      | Noticed Eustachio
  3919 | D:5      | Killed Eustachio
  3919 | D:5      | Reached * piety under Okawaru
  3932 | D:5      | Killed Ijyb
  3938 | D:5      | Reached skill level 5 in Fighting
  3985 | D:5      | Noticed Blork the orc
  3991 | D:5      | Killed Blork the orc
  4047 | D:5      | Killed Pikel
  4047 | D:5      | Reached ** piety under Okawaru
  4048 | D:5      | Reached skill level 5 in Dodging
  4048 | D:5      | Reached XP level 9. HP: 58/68 MP: 9/9
  4518 | D:6      | Reached *** piety under Okawaru
  4777 | D:6      | HP: 2/68 [orc/+1 vampiric whip (4)]
  5605 | D:6      | Killed an unseen horror
  5606 | D:6      | Reached XP level 10. HP: 39/74 MP: 10/10
  5966 | D:6      | Reached **** piety under Okawaru
  6487 | D:7      | Found a hazy altar of Hepliaklqana.
  6603 | D:6      | Reached skill level 10 in Ranged Weapons
  7283 | D:7      | Found a shadowy altar of Dithmenos.
  7556 | D:7      | Found a radiant altar of Vehumet.
  7621 | D:7      | Found an opulent altar of Gozag.
  7899 | D:8      | Noticed Joseph
  7966 | D:8      | Identified the +8 rapier "Xeohoydd" {protect, rPois Will+
                  | Dex+3}
  7989 | D:8      | Reached skill level 11 in Ranged Weapons
  7998 | D:8      | Reached ***** piety under Okawaru
  8176 | D:8      | Killed Joseph
  8208 | D:7      | Found a snail-covered altar of Cheibriados.
  8803 | D:8      | Reached skill level 12 in Ranged Weapons
  8803 | D:8      | Reached XP level 11. HP: 73/79 MP: 11/11
  8854 | D:8      | Noticed a two-headed ogre
  8863 | D:8      | Killed a two-headed ogre
  8863 | D:8      | Received a gift from Okawaru
  9251 | D:9      | Found a staircase to the Lair.
  9291 | D:9      | Noticed Grum
  9310 | D:9      | Killed Grum
  9317 | D:9      | Reached skill level 13 in Ranged Weapons
  9378 | D:9      | Killed from afar by a meliai

Illustrated notes

Levels and vault maps discovered:
D:1:      eino_arrival_cavern_b, layout_basic
D:2:      layout_basic, minmay_heptomino_o4
D:3:      wander_river, layout_basic, grunt_temple_overflow_open,
          dreamdust_ecumenical_altar_drowned_temple, serial_shops,
          nicolae_shop_crystal, shop, shop, nicolae_square_shop,
          nicolae_shop_dealshenge, minivault_4, pf_guarded_unrand_woodcutter
D:4:      layout_loops_ring, kennysheep_mini, minmay_temple_entry_proselytizer,
          nicolae_specific_store, hangedman_decor_points, uniq_sigmund
D:5:      layout_gridville, uniq_blork_the_orc, uniq_ijyb, uniq_eustachio,
          uniq_pikel
D:6:      minmay_opposing_rooms, layout_basic, minmay_ruffians
D:7:      layout_basic, mainiacjoe_overflow_surrounded_room,
          nicolae_gozag_cash_rules_everything_around_me,
          nicolae_overflow_hidden_temple, amcnicky_mini_corridor_feature
D:8:      layout_rooms, uniq_joseph
D:9:      minmay_the_grid_octo_2x2 [minmay_the_grid_octo_tetromino_candy,
          minmay_the_grid_octo_toaster, minmay_the_grid_octo_odd_swirl,
          minmay_the_grid_octo_prize_square_snowflake], layout_basic,
          david_lair_generic, gammafunk_ghost_split, uniq_grum
Temple:   hellmonk_temple_of_storms

Skill      XL: |  1  2  3  4  5  6  7  8  9 10 11 |
---------------+----------------------------------+-----
Ranged Weapons | 4 5 6 7 8 9 12 13 | 13.1
Fighting       | 5 |  5.0
Dodging        | 5 8 9 |  9.1
Stealth        | |  0.7

Action                     |  1- 3 |  4- 6 |  7- 9 | 10-12 || total
---------------------------+-------+-------+-------+-------++-------
  Melee: Sling             |       |       |       |     8 ||     8
   Fire: Sling             |   106 |   260 |   610 |   782 ||  1758
  Evoke: Wand              |       |       |       |     6 ||     6
    Use: Scroll            |       |     1 |     8 |     6 ||    15
         Potion            |       |       |       |     4 ||     4
 Armour: Leather armour    |    21 |    32 |   119 |   150 ||   322
  Dodge: Dodged            |    17 |    22 |   103 |   180 ||   322

Table legend: (Time is in decaauts)
 A = Elapsed time spent in this place.
 B = Non-inter-level travel time spent in this place.
 C = Inter-level travel time spent in this place.
 D = Time resting spent in this place.
 E = Time spent auto-exploring this place.
 F = Levels seen in this place.
 G = Mean time per level.
                   A        B        C        D        E       F      G
               +--------+--------+--------+--------+--------+-----+--------+
         Total |   9429 |   9091 |    338 |   1279 |   6227 |  10 |  942.9 |
       Dungeon |   9418 |   9088 |    330 |   1279 |   6227 |   9 | 1046.4 |
        Temple |     10 |      2 |      8 |      0 |      0 |   1 |   10.0 |
               +--------+--------+--------+--------+--------+-----+--------+

Top non-repeatable levels by time:
     D:6: 2148 daAuts
     D:7: 1714 daAuts
     D:4: 1291 daAuts
     D:3: 1268 daAuts
     D:8: 874 daAuts
     D:1: 813 daAuts
     D:2: 566 daAuts
     D:5: 517 daAuts
     D:9: 222 daAuts
  Temple: 10 daAuts
